AoeStats
← bkg45

Pilgrims

509443800Analyzed
4v4 RM · 4d ago on Sep 26, 2026· 71m 50s· 8 players
Game mode
Random Map
Map size
Large (8 player)
Population
200
Speed
Normal
Resources
Standard
Victory
Conquest
Starting age
Dark Age
Ending age
Imperial Age
RankedLock teamsTeams togetherTeam positionsShared explorationLock speedFull tech treeHidden civsTurbo modeCheats
Victory
Defeat
🇧🇷 Varangians · Brazil
1349
+14
🇺🇸 Huns · United States
1340
+14
🇨🇴 Saracens · Colombia
1326
+15
🇧🇷 Persians · Brazil
1316
+15
🇲🇪 Romans · Montenegro
1331
-15
🇲🇪 Burmese · Montenegro
1329
-16
🇲🇪 Danes · Montenegro
1285
-14
🇲🇪 Georgians · Montenegro
1269
-13
Bager
7:41 Loom
10:39 Feudal Age
11:05 Fishing Lines
15:01 Castle Age
14:06 Gold Mining
14:03 Double-Bit Axe
16:06 Medium Warships
17:47 Gillnets
21:43 Scale Barding Armor
21:49 Forging
24:03 Bloodlines
23:54 Husbandry
25:08 Chain Barding Armor
27:57 Iron Casting
30:34 Horse Collar
37:07 Imperial Age
38:10 Conscription
37:13 Elite Monaspa
39:20 Plate Barding Armor
40:09 Wheelbarrow
40:41 Bow Saw
42:29 Blast Furnace
Djokara
10:51 Feudal Age
11:35 Man-at-Arms
12:06 Fishing Lines
12:47 Forging
12:38 Scale Mail Armor
16:56 Double-Bit Axe
21:21 Castle Age
19:07 Loom
22:25 Gillnets
23:56 Long Swordsman
42:58 Pikeman
43:41 Squires
44:31 Chain Mail Armor
46:09 Wheelbarrow
53:09 Iron Casting
62:06 Imperial Age
62:12 Halberdier
63:56 Blast Furnace
Emp
5:28 Loom
10:56 Feudal Age
12:38 Fishing Lines
15:21 Castle Age
13:46 Stone Mining
14:01 Double-Bit Axe
14:55 Gold Mining
15:43 Fletching
18:44 Bow Saw
23:18 Squires
23:04 Gambesons
24:01 Gillnets
25:05 Wheelbarrow
24:16 Town Watch
24:26 Arson
32:29 Imperial Age
30:59 Scale Mail Armor
31:10 Forging
33:16 Bodkin Arrow
33:37 Chain Mail Armor
33:32 Forging
36:43 Imperial Age
34:29 Hand Cart
36:48 Onager
38:03 Elite Varangian Guard
39:13 Pikeman
40:56 Plate Mail Armor
41:05 Iron Casting
40:32 Halberdier
44:22 Blast Furnace
67:10 Conscription
strokac
3:13 Loom
4:31 Loom
10:50 Feudal Age
15:26 Castle Age
16:24 Medium Warships
15:55 Fishing Lines
18:32 Wheelbarrow
19:17 Horse Collar
22:01 Man-at-Arms
22:26 Gambesons
23:42 Long Swordsman
25:53 Town Watch
27:04 Fletching
28:26 Devotion
33:24 Gold Mining
36:53 Squires
36:38 Arson
37:06 Forging
36:56 Scale Mail Armor
40:12 Imperial Age
37:58 Heavy Plow
39:17 Chain Mail Armor
39:37 Iron Casting
40:16 Two-Handed Swordsman
40:19 Capped Ram
42:29 Bodkin Arrow
42:34 Padded Archer Armor
42:37 Pikeman
44:17 Conscription
44:30 Elite Skirmisher
45:31 Bracer
47:55 Ballistics
51:20 Plate Mail Armor
51:51 Blast Furnace
54:22 Hand Cart
54:47 Crossbowman
55:41 Champion
59:42 Halberdier
DanielP1lot
3:38 Loom
10:33 Feudal Age
11:16 Double-Bit Axe
11:24 Gold Mining
12:56 Fletching
22:28 Castle Age
24:19 Bow Saw
23:54 Horse Collar
29:46 Town Watch
32:51 Murder Holes
34:02 Wheelbarrow
33:32 Heavy Plow
40:42 Hand Cart
47:03 Caravan
47:54 Gold Shaft Mining
47:10 Stone Mining
52:05 Forging
55:43 Imperial Age
54:01 Iron Casting
53:32 Scale Barding Armor
55:50 Chain Barding Armor
57:25 Conscription
58:02 Ballistics
59:06 Blast Furnace
58:46 Plate Barding Armor
59:18 Thumb Ring
59:39 Parthian Tactics
60:01 Elite Mameluke
60:57 Bloodlines
61:33 Town Patrol
JR91
3:14 Loom
11:04 Feudal Age
15:04 Castle Age
14:11 Bloodlines
14:36 Scale Barding Armor
15:44 Forging
15:43 Horse Collar
20:51 Wheelbarrow
25:42 Iron Casting
26:09 Chain Barding Armor
26:26 Husbandry
32:48 Imperial Age
32:36 Fletching
33:26 Ballistics
32:38 Cavalier
33:55 Plate Barding Armor
35:40 Blast Furnace
34:46 Bodkin Arrow
36:07 Savar
44:12 Conscription
44:33 Light Cavalry
47:29 Hussar
49:55 Murder Holes
54:41 Pikeman
55:22 Squires
56:32 Halberdier
60:44 Scale Mail Armor
62:10 Chain Mail Armor
65:00 Hand Cart
68:38 Town Watch
69:52 Plate Mail Armor
TmZ_Mosquito Sedutor
6:44 Loom
13:07 Feudal Age
14:18 Feudal Age
14:45 Arson
14:40 Man-at-Arms
22:13 Castle Age
23:35 Castle Age
21:27 Double-Bit Axe
24:36 Wheelbarrow
24:24 Squires
24:10 Gambesons
24:20 Fishing Lines
25:49 Bow Saw
38:59 Hand Cart
40:12 Scale Mail Armor
40:22 Forging
44:35 Imperial Age
42:50 Gold Mining
45:47 Conscription
45:44 Scale Barding Armor
46:35 Fletching
47:21 Iron Casting
46:51 Horse Collar
47:43 Chain Barding Armor
47:33 Heavy Plow
47:39 Vendel Legacy
48:50 Bodkin Arrow
50:24 Blast Furnace
49:57 Ballistics
49:56 Fortified Wall
50:14 Husbandry
50:25 Bloodlines
50:21 Town Watch
50:04 Cavalier
50:55 Bloodlines
54:19 Plate Barding Armor
53:49 Pikeman
54:48 Chain Mail Armor
55:16 Light Cavalry
57:39 Caravan
57:57 Stone Mining
58:28 Gillnets
59:04 Clinker Construction
59:05 Careening
60:52 Two-Man Saw
61:39 Crop Rotation
61:30 Elite Longship
62:24 Medium Warships
63:55 Heavy Warships
64:31 Elite Varangian Guard
67:12 Plate Mail Armor
66:43 Bracer
68:22 Padded Archer Armor
69:35 Leather Archer Armor
69:24 Town Patrol
bkg45
5:16 Loom
12:25 Feudal Age
13:07 Double-Bit Axe
15:55 Castle Age
14:00 Fletching
13:56 Horse Collar
15:06 Town Watch
15:28 Gold Mining
16:38 Bodkin Arrow
19:26 Ballistics
19:54 Padded Archer Armor
21:07 Thumb Ring
23:02 Wheelbarrow
27:04 Bow Saw
29:27 Hand Cart
33:35 Imperial Age
31:47 Husbandry
33:54 Leather Archer Armor
34:13 Bloodlines
34:33 Bracer
39:06 Parthian Tactics
40:44 Chemistry
40:35 Heavy Plow
41:32 Heavy Cavalry Archer
45:08 Caravan
45:25 Scale Barding Armor
45:31 Forging
49:33 Conscription
49:42 Chain Barding Armor
49:58 Iron Casting
55:18 Plate Barding Armor
55:45 Blast Furnace
54:32 Light Cavalry
55:09 Hussar
57:38 Capped Ram
58:44 Siege Ram
61:06 Murder Holes
62:42 Coinage
63:11 Elite Skirmisher
64:20 Atheism
70:59 Town Patrol
Connection lost

Rejoining the realm…

Still unreachable

The connection could not be restored.

Session expired

The server has moved on; the page needs a fresh start.